 Dungeon Crawl Stone Soup version 0.28-a0-479-g5baa6b73be (webtiles) character file.

Game seed: 3617964173111247844

450 speeev33 the Skirmisher (level 7, 0/62 HPs)
             Began as a Hill Orc Fighter on Sept 19, 2021.
             Slain by an iguana (4 damage)
             ... on level 4 of the Dungeon.
             The game lasted 00:05:40 (2913 turns).

speeev33 the Skirmisher (Hill Orc Fighter)          Turns: 2913, Time: 00:05:40

Health: 0/62       AC: 16    Str: 21    XL:     7   Next: 4%
Magic:  7/7        EV: 10    Int:  8    God:
Gold:   132        SH:  4    Dex: 10    Spells: 6/6 levels left

rFire   . . .      SeeInvis .   a - +0 war axe
rCold   . . .      Faith    .   c - +0 buckler
rNeg    . . .      Spirit   .   o - +0 plate armour
rPois   .          Reflect  .   (no helmet)
rElec   .          Harm     .   j - +0 cloak {rCorr}
rCorr   +          Rampage  .   (no gloves)
Will    .....                   g - +2 pair of boots
Stlth   ..........              (no amulet)
HPRegen 0.20/turn               f - +4 ring of evasion
MPRegen 0.10/turn               k - ring of resist corrosion

@: no status effects
A: no striking features
a: no special abilities


You were on level 4 of the Dungeon.
You visited 1 branch of the dungeon, and saw 4 of its levels.

You collected 132 gold pieces.

Inventory:

Hand Weapons
 a - a +0 war axe (weapon)
Armour
 c - a +0 buckler (worn)
 g - a +2 pair of boots (worn)
 i - a +0 chain mail
 j - a +0 cloak of preservation (worn)
 o - a +0 plate armour (worn)
Jewellery
 f - a +4 ring of evasion (left hand)
 k - a ring of resist corrosion (right hand)
Scrolls
 b - a scroll of identify {unknown}
 l - 2 scrolls of teleportation {unknown}
 n - a scroll of magic mapping
 p - a scroll of brand weapon {unknown}
Potions
 d - a potion of might
 e - a potion of lignification {unknown}
 h - 3 potions of heal wounds {unknown}
 m - a potion of curing


   Skills:
 + Level 5.9 Fighting
 + Level 5.7 Axes
 + Level 5.3 Armour
 - Level 4.0 Shields


You had 6 spell levels left.
You didn't know any spells.
Your spell library contained the following spells:

 Spells                   Type           Power      Damage    Failure   Level
 Shock                    Conj/Air       0%         1d3       100%        1
 Conjure Flame            Conj/Fire      0%         6-21      100%        3
 Ignite Poison            Fire/Tmut/Pois 0%         N/A       100%        3
 Summon Guardian Golem    Hex/Summ       0%         N/A       100%        3
 Swiftness                Air            0%         N/A       100%        3
 Airstrike                Air            0%         N/A       100%        4
 Sticky Flame             Conj/Fire      0%         2d3       100%        4
 Summon Lightning Spire   Summ/Air       0%         N/A       100%        4
 Orb of Destruction       Conj           0%         N/A       100%        7
 Spellforged Servitor     Conj/Summ      0%         N/A       100%        7
 Storm Form               Tmut/Air       0%         N/A       100%        7
 Maxwell's Capacitive Co  Air            0%         ∞         100%        8


Dungeon Overview and Level Annotations

Branches:
Dungeon (4/15)
 Temple: D:4-7

Altars:
Makhleb


Message History

You kill the orc priest!
You hit the white imp. The white imp hits you. The white imp freezes you.
You have reached level 7!
The white imp gestures at you.
The puff of frost hits you but does no damage.
You see here a +0 short sword.
The white imp gestures at you. The puff of frost misses you.
The white imp hits you. The white imp freezes you.
You see here a +0 short sword.
You slash the white imp!
The white imp is almost dead.
The white imp hits you but does no damage.
The white imp gestures at you. The puff of frost misses you.
You hit the white imp.
The white imp is almost dead.
The white imp completely misses you.
You slash the white imp!
You kill the white imp!
The iguana closely misses you.
You hit the iguana but do no damage. The iguana bites you!
You slash the iguana!
The iguana is severely wounded.
The iguana bites you but does no damage.
You barely miss the iguana.
The iguana is severely wounded.
The iguana bites you!
* * * LOW HITPOINT WARNING * * *
You hit the iguana.
The iguana is almost dead.
The iguana bites you!
* * * LOW HITPOINT WARNING * * *
You barely miss the iguana.
The iguana is almost dead.
The iguana completely misses you. The iguana barely misses you.
You closely miss the iguana.
The iguana is almost dead.
The iguana bites you.
You die...

#..<####..##
#....###
#.## #.###
##.# #.
###..#
#...##
##.###
#####..#
##.....##
#.@#####
###l## #.).#
#.#######
##.#......
#####....#
#o.....###
...5.##.###
.#. ...#


You could see an iguana.

Vanquished Creatures
  Crazy Yiuf (D:2)
  2 orc priests
  3 iron imps (D:3)
  Natasha (thrice) (D:3)
  2 orc wizards (D:3)
  A howler monkey zombie (D:3)
  4 adders
  A white imp (D:4)
  3 dart slugs
  14 orcs
  2 bats (D:1)
  4 endoplasms
  A giant cockroach (D:2)
  6 goblins
  7 hobgoblins
  8 jackals
  6 kobolds
  4 quokkas (D:2)
  5 ball pythons
  4 frilled lizards
  8 rats
89 creatures vanquished.

Vanquished Creatures (others)
  4 fungi (D:2)
4 creatures vanquished.

Grand Total: 93 creatures vanquished

Notes
Turn   | Place    | Note
-------+----------+-------------------------------------------
     0 | D:1      | speeev33 the Hill Orc Fighter began the quest for the Orb.
     0 | D:1      | Reached XP level 1. HP: 19/19 MP: 1/1
   119 | D:1      | Reached XP level 2. HP: 27/27 MP: 2/2
   437 | D:1      | Reached XP level 3. HP: 29/33 MP: 3/3
   937 | D:2      | Reached XP level 4. HP: 40/40 MP: 4/4
  1106 | D:2      | Found a faded altar of an unknown god.
  1343 | D:2      | Found a runed translucent door.
  1344 | D:2      | Noticed Crazy Yiuf
  1355 | D:2      | Killed Crazy Yiuf
  1575 | D:3      | Reached XP level 5. HP: 36/47 MP: 5/5
  1971 | D:3      | Reached skill level 5 in Fighting
  1984 | D:3      | Noticed Natasha
  2239 | D:3      | Killed Natasha
  2344 | D:3      | Reached XP level 6. HP: 52/56 MP: 6/6
  2500 | D:3      | Reached skill level 5 in Axes
  2546 | D:3      | Found a burning altar of Makhleb.
  2573 | D:3      | Reached skill level 5 in Armour
  2694 | D:3      | Noticed Natasha
  2700 | D:3      | Killed Natasha
  2720 | D:3      | Noticed Natasha
  2732 | D:3      | Killed Natasha
  2901 | D:4      | Reached XP level 7. HP: 36/62 MP: 7/7
  2910 | D:4      | HP: 3/62 [iguana (8)]
  2913 | D:4      | Slain by an iguana

Illustrated notes

Levels and vault maps discovered:
D:1:      psy_arrival_conway, layout_basic, chequers_jeans
D:2:      layout_rooms, shapermc_ecumenical_altar_pompeii, minmay_octomino_c4,
          uniq_crazy_yiuf_cottage
D:3:      layout_basic, demons_altar, minivault_5, uniq_natasha
D:4:      layout_rooms, lemuel_coloured_pillars_altar, temple_statues

Skill      XL: |  1  2  3  4  5  6 |
---------------+-------------------+-----
Axes           | 3 4 5 |  5.7
Fighting       | 4 5 |  5.9
Armour         | 4 5 |  5.3
Shields        | 4 |  4.0

Action                   |  1- 3 |  4- 6 |  7- 9 || total
-------------------------+-------+-------+-------++-------
Melee: War axe           |   105 |   222 |     9 ||   336
  Use: Scroll            |     2 |     2 |       ||     4
Armor: Scale mail        |    51 |     5 |       ||    56
       Chain mail        |       |    70 |       ||    70
       Plate armour      |       |    28 |     3 ||    31
Dodge: Dodged            |    55 |   103 |     6 ||   164
Block: Buckler           |    26 |    35 |       ||    61

Table legend: (Time is in decaauts)
 A = Elapsed time spent in this place.
 B = Non-inter-level travel time spent in this place.
 C = Inter-level travel time spent in this place.
 D = Time resting spent in this place.
 E = Time spent auto-exploring this place.
 F = Levels seen in this place.
 G = Mean time per level.
                   A        B        C        D        E       F      G
               +--------+--------+--------+--------+--------+-----+--------+
         Total |   3027 |   2967 |     60 |    213 |   1919 |   4 |  756.8 |
       Dungeon |   3027 |   2967 |     60 |    213 |   1919 |   4 |  756.8 |
               +--------+--------+--------+--------+--------+-----+--------+

Top non-repeatable levels by time:
     D:3: 1217 daAuts
     D:2: 895 daAuts
     D:1: 798 daAuts
     D:4: 115 daAuts
